 Dungeon Crawl Stone Soup version 0.20-a0-540-ge6d1839 (webtiles) character file.

226 Alarkh the Chopper (level 5, -4/41 HPs)
             Began as a Demonspawn Monk on Jan 29, 2017.
             Slain by an orc
             ... wielding a +1 hand axe of holy wrath
              (8 damage)
             ... on level 4 of the Dungeon.
             The game lasted 00:03:04 (2609 turns).

Alarkh the Chopper (Demonspawn Monk)                Turns: 2609, Time: 00:03:04

Health: -4/41      AC:  4    Str: 11    XL:     5   Next: 69%
Magic:  5/5        EV: 13    Int: 12    God:
Gold:   110        SH:  0    Dex: 16    Spells: 4/4 levels left

rFire    . . .     SeeInvis .   a - +0 hand axe
rCold    . . .     Gourm    +   b - +0 robe
rNeg     . . .     Faith    .   (no shield)
rPois    .         Spirit   .   (no helmet)
rElec    .         Reflect  .   (no cloak)
rCorr    .         Harm     .   (no gloves)
MR       .....                  (no boots)
Stlth    ++........             o - amulet of the gourmand
Regen    2.2/turn               (no ring)
                                (no ring)

@: no status effects
A: claws 1, iridescent scales 1, powered by death 2
a: no special abilities


You were on level 4 of the Dungeon.
You were completely stuffed.

You visited 1 branch of the dungeon, and saw 4 of its levels.

You collected 110 gold pieces.

Inventory:

Hand Weapons
 a - a +0 hand axe (weapon)
Armour
 b - a +0 robe (worn)
Jewellery
 o - an amulet of the gourmand (around neck)
 s - an uncursed ring of fire
Scrolls
 d - a scroll of amnesia
 e - a scroll of identify
 h - a scroll of immolation
 m - 2 scrolls of teleportation {unknown}
 p - 2 scrolls of remove curse {unknown}
 q - a scroll of recharging {unknown}
 u - a scroll of blinking {unknown}
Potions
 g - a potion of mutation
 i - 2 potions of cure mutation
 k - a potion of might
 l - 4 potions of curing
 n - a potion of ambrosia
Comestibles
 c - 2 bread rations
 f - 2 meat rations
 j - 2 royal jellies
 r - 2 fruits
 t - a chunk of flesh


   Skills:
 - Level 3.0 Fighting
 + Level 5.9 Axes
 - Level 2.6 Dodging
 - Level 1.7 Stealth


You had 4 spell levels left.
You didn't know any spells.

Dungeon Overview and Level Annotations

Branches:
Dungeon (4/15)
 Temple: D:4-7

Altars:
Elyvilon
Gozag


Innate Abilities, Weirdness & Mutations

You have sharp fingernails.
You are partially covered in iridescent scales. (AC +2)
You regenerate health from kills.


Message History

The orc wizard is almost dead.
The orc wizard casts a spell at you. The magic dart hits you!
You hit the orc wizard but do no damage.
The orc wizard is almost dead.
The orc wizard barely misses you. The orc wizard misses you.
You barely miss the orc wizard.
The orc wizard is almost dead.
The orc wizard points at you and mumbles some strange words.
You resist with some effort. The orc wizard casts a spell at you.
You resist with some effort.
You hit the orc wizard.
You kill the orc wizard!
You barely miss the orc.
The orc is almost dead.
The orc hits you with a hand axe of holy wrath!
* * * LOW HITPOINT WARNING * * *
You convulse!
You die...

####.#### #.......###
#.##.#.... #.#.....#
#.#.....# #
#############.#.o...## #
#..........##.##....<#
#####..#####....@oo....#
#.>.#..#####..####.#......
#............... #......#.
#...#..#####..##.#.....#..
##.##..#####..# #.##### #
............... ..#
...############ ### #### #


You could see 2 orcs.

Vanquished Creatures
  An orc priest (D:3)
  3 orc wizards (D:4)
  4 adders
  An ooze (D:1)
  2 worms
  4 leopard geckos
  8 orcs (D:3)
  A ball python (D:3)
  2 goblins
  5 hobgoblins
  3 quokkas
  7 bats
  8 frilled lizards
  4 kobolds
  8 rats
61 creatures vanquished.

Notes
Turn   | Place    | Note
-------+----------+-------------------------------------------
     0 | D:1      | Alarkh the Demonspawn Monk began the quest for the Orb.
     0 | D:1      | Reached XP level 1. HP: 18/18 MP: 1/1
   145 | D:1      | Reached skill level 3 in Axes
   333 | D:1      | Gained mutation: You regenerate a little health from kills. [demonic ancestry]
   333 | D:1      | Reached XP level 2. HP: 24/24 MP: 2/2
   976 | D:2      | Gained mutation: You evolve. [potion of mutation]
   976 | D:2      | Gained mutation: Scrolls take you a little longer to read. [potion of mutation]
   976 | D:2      | Gained mutation: You have a pair of small horns on your head. [potion of mutation]
   979 | D:2      | Lost mutation: Scrolls take you a little longer to read. [potion of cure mutation]
   979 | D:2      | Lost mutation: You evolve. [potion of cure mutation]
   979 | D:2      | Lost mutation: You have a pair of small horns on your head. [potion of cure mutation]
  1173 | D:2      | Gained mutation: You are partially covered in iridescent scales. (AC +2) [demonic ancestry]
  1173 | D:2      | Reached XP level 3. HP: 21/29 MP: 3/3
  1174 | D:2      | Found a faded altar of an unknown god.
  1575 | D:2      | Found an opulent altar of Gozag.
  1673 | D:3      | Found a white marble altar of Elyvilon.
  1689 | D:3      | Reached skill level 4 in Axes
  1991 | D:3      | Gained mutation: You regenerate health from kills. [demonic ancestry]
  1991 | D:3      | Reached XP level 4. HP: 29/35 MP: 4/4
  2004 | D:3      | Reached skill level 5 in Axes
  2542 | D:4      | Gained mutation: You have sharp fingernails. [demonic ancestry]
  2542 | D:4      | Reached XP level 5. HP: 30/41 MP: 5/5
  2609 | D:4      | Slain by an orc

Vault maps used:
D:1:      co_arrival_square_in_a_square_in_a_square
D:2:      lemuel_coloured_pillars_altar, first_bread,
          chequers_ecumenical_altar_simple_redux
D:3:      elyvilon_altar_4
D:4:      old_standard_altar, overflow_temple_1_default,
          trog_three_pillars_becter, uniq_duvessa, uniq_eustachio,
          uniq_blork_the_orc, uniq_crazy_yiuf_cottage

Skill      XL: |  1  2  3  4 |
---------------+-------------+-----
Axes           | 3 4 5 |  5.9
Fighting       | |  3.0
Dodging        | |  2.6
Stealth        | |  1.7

Action                   |  1- 3 |  4- 6 || total
-------------------------+-------+-------++-------
Melee: Hand axe          |   129 |    95 ||   224
  Use: Potion            |     4 |       ||     4
       Scroll            |     3 |     1 ||     4
 Stab: Sleeping          |     4 |       ||     4
  Eat: Chunk             |    15 |     2 ||    17
Armor: Robe              |    20 |    18 ||    38
Dodge: Dodged            |    80 |    57 ||   137
